 Dungeon Crawl Stone Soup version 0.25-a0-578-gc91f01c (webtiles) character file.

Game seed: 1331449888182468190, levelgen mode: deterministic

140 15 the Shooter (level 5, -2/42 HPs)
             Began as a Centaur Hunter on Mar 3, 2020.
             Killed from afar by an orc wizard (9 damage)
             ... with a puff of flame
             ... on level 3 of the Dungeon.
             The game lasted 00:08:07 (2141 turns).

15 the Shooter (Centaur Hunter)                     Turns: 2141, Time: 00:08:08

Health: -2/42      AC:  6    Str: 14    XL:     5   Next: 2%
Magic:  5/5        EV:  8    Int: 10    God:
Gold:   174        SH:  0    Dex: 11    Spells: 2/5 levels left

rFire    x . .     SeeInvis .   h - +0 battleaxe
rCold    + . .     Gourm    .   (shield currently unavailable)
rNeg     . . .     Faith    .   m - +1 ring mail
rPois    +         Spirit   .   (no helmet)
rElec    .         Reflect  .   (no cloak)
rCorr    .         Harm     .   (no gloves)
MR       .....                  (no barding)
Stlth    ..........             (no amulet)
HPRegen  0.14/turn              e - ring of ice
MPRegen  0.09/turn              p - ring of poison resistance

@: very quick
A: large, hooves 3, deformed body, speed 2, tough skin 3
a: no special abilities


You were on level 3 of the Dungeon.
You were not hungry.

You visited 1 branch of the dungeon, and saw 3 of its levels.

You collected 174 gold pieces.

Inventory:

Hand Weapons
 a - a +1 shortbow
 b - a +0 short sword
 h - a +0 battleaxe (weapon)
Missiles
 d - 31 arrows
 j - 17 bolts
Armour
 c - a +0 leather armour
 m - a +1 ring mail (worn)
Jewellery
 e - a ring of ice (left hand)
 p - a ring of poison resistance (right hand)
Scrolls
 n - 4 scrolls of enchant armour
 o - 3 scrolls of remove curse {unknown}
Potions
 i - a potion of cancellation
 k - a potion of curing
 l - a potion of resistance
Comestibles
 f - 8 rations
 g - a chunk of flesh


   Skills:
 * Level 2.5 Fighting
 + Level 0.4 Short Blades
 * Level 0.4 Axes
 + Level 6.8 Bows
 * Level 1.3 Armour
 * Level 1.7 Dodging
 + Level 0.5 Stealth
 * Level 0.5 Spellcasting


You had 2 spell levels left.
You knew the following spells:

 Your Spells              Type           Power        Failure   Level  Hunger
a - Corona                Hex            #......      58%         1    ##.....
b - Apportation           Tloc           #.....       58%         1    ##.....
c - Animate Skeleton      Necr           N/A          58%         1    ##.....

Your spell library contained the following spells:

 Spells                   Type           Power        Failure   Level  Hunger
 Summon Small Mammal      Summ           #...         58%         1    ##.....


Dungeon Overview and Level Annotations

Branches:
Dungeon (3/15)

Altars:


Innate Abilities, Weirdness & Mutations

You have hooves in place of feet.
Armour fits poorly on your strangely shaped body.
You cover ground very quickly.
You have extremely tough skin. (AC +3)


Message History

You completely miss something. You closely miss the orc.
The orc hits you but does no damage. Something completely misses you.
The orc hits you but does no damage.
You miss something. You kick something. You slash the orc!
You kill the orc!
Something hits you but does no damage.
You hear some strange, mumbled words.
A magic dart appears from out of thin air!
The magic dart hits you.
* * * LOW HITPOINT WARNING * * *
You barely miss something. Your kick misses something.
Something hits you but does no damage. x2
You miss something. Your kick misses something.
Something hits you but does no damage. Something hits you.
* * * LOW HITPOINT WARNING * * *
You miss something.
An orc wizard appears from thin air!
Reactivating autopickup.
The orc wizard gestures at you while chanting.
The puff of flame hits you! The fire burns you terribly!
You die...

#### ...
##########.#
#........@o#
#.########)#
#.# ... #.#
.#.# #.#
...# #.# .#
# #.# .# #.#
.# ## #.# .


You could see an orc wizard.

Vanquished Creatures
  Natasha (D:3)
  3 adders
  2 oozes
  3 worms (D:2)
  A dart slug (D:1)
  2 leopard geckos (D:1)
  3 orcs (D:3)
  A ball python (D:2)
  4 giant cockroaches
  6 goblins
  6 hobgoblins
  2 jackals (D:2)
  2 quokkas (D:3)
  5 bats
  13 frilled lizards
  6 kobolds
  9 rats
69 creatures vanquished.

Notes
Turn   | Place    | Note
-------+----------+-------------------------------------------
     0 | D:1      | 15 the Centaur Hunter began the quest for the Orb.
     0 | D:1      | Reached XP level 1. HP: 17/17 MP: 1/1
   127 | D:1      | Reached XP level 2. HP: 20/24 MP: 2/2
   231 | D:1      | Reached skill level 6 in Bows
   624 | D:1      | Reached XP level 3. HP: 29/29 MP: 3/3
  1202 | D:2      | Reached XP level 4. HP: 36/36 MP: 4/4
  1688 | D:3      | Noticed Natasha
  1697 | D:3      | Killed Natasha
  1698 | D:3      | Found a faded altar of an unknown god.
  1701 | D:3      | Learned a level 1 spell: Corona
  1703 | D:3      | Learned a level 1 spell: Apportation
  1705 | D:3      | Learned a level 1 spell: Animate Skeleton
  1711 | D:3      | Reached skill level 1 in Armour
  2136 | D:3      | Reached XP level 5. HP: 10/42 MP: 5/5
  2141 | D:3      | Killed from afar by an orc wizard

Levels and vault maps discovered:
D:1:      mainiacjoe_arrival_reflecting_pool, layout_loops_ring,
          minmay_tree_intersection, minmay_lizard_pond
D:2:      layout_loops_cross
D:3:      layout_loops_ring, first_ration, chequers_ecumenical_altar_simple,
          uniq_natasha

Skill      XL: |  1  2  3  4 |
---------------+-------------+-----
Bows           | 6 |  6.8
Armour         | 1 |  1.3
Fighting       | |  2.5
Short Blades   | |  0.4
Axes           | |  0.4
Dodging        | |  1.7
Stealth        | |  0.5
Spellcasting   | |  0.5

Action                   |  1- 3 |  4- 6 || total
-------------------------+-------+-------++-------
Melee: Short sword       |   101 |     6 ||   107
       Kick              |    16 |     9 ||    25
       Battleaxe         |       |    67 ||    67
 Fire: Shortbow          |    52 |    24 ||    76
  Use: Scroll            |     4 |     4 ||     8
       Potion            |       |     1 ||     1
  Eat: Chunk             |       |     3 ||     3
Armor: Leather armour    |    51 |     2 ||    53
       Ring mail         |       |    57 ||    57
Dodge: Dodged            |    52 |    48 ||   100

Table legend:
 A = Non-vault XP
 B = Vault XP
 C = Vault XP percentage of total XP
 D = Non-vault monster count
 E = Vault monster count
 F = Vault count percentage of total count
                 A         B        C        D         E       F
            +---------+---------+-------+---------+---------+-------
      Total |     158 |      42 |  21.0 |      61 |       8 |  11.6
            +---------+---------+-------+---------+---------+-------
        D:1 |      40 |       7 |  14.9 |      21 |       7 |  25.0
        D:2 |      63 |       0 |   0.0 |      20 |       0 |   0.0
        D:3 |      55 |      35 |  38.9 |      20 |       1 |   4.8
            +---------+---------+-------+---------+---------+-------
